 Dungeon Crawl Stone Soup version 0.24-a0-235-g3f03afcf10 (webtiles) character file.

Game seed: 11342920154987293469

1772363 EnegeticOcto the Tycoon (level 27, 215/215 HPs)
             Began as a Gnoll Wanderer on Apr 2, 2019.
             Was an Initiate of Gozag.
             Escaped with the Orb
             ... and 3 runes on Apr 6, 2019!
             The game lasted 02:32:24 (59923 turns).

EnegeticOcto the Tycoon (Gnoll Wanderer)           Turns: 59923, Time: 02:32:24

Health: 215/215    AC: 31    Str: 26    XL:     27
Magic:  44/44      EV: 23    Int: 35    God:    Gozag
Gold:   10696      SH: 17    Dex: 17    Spells: 15/60 levels left

rFire    + + .     SeeInvis +   a - +9 demon trident (vamp)
rCold    + . .     Gourm    .   O - +2 shield of Oquiroel {rPois Str+4 Dex+4}
rNeg     + . .     Faith    .   F - +9 plate armour {rF+}
rPois    +         Spirit   .   h - +2 hat
rElec    +         Reflect  .   H - scarf {rC+ rF+}
rCorr    .         Harm     .   d - +0 pair of gloves
MR       +++..                  V - +0 pair of boots
Stlth    +.........             U - amulet "Jamuapp" {Regen+ Dex+2 Stlth+}
HPRegen  0.85/turn              J - ring of Temptation {rElec rN+ MR+ Int+6 Dex-5}
MPRegen  0.29/turn              M - ring of Zenn {EV+5 Str+7 Int+5 SInv}

@: gold aura, lightly drained
A: distributed training, fangs 1, dopey 1, screaming 1, strong nose
0: Orb of Zot
}: 3/15 runes: barnacled, silver, gossamer
a: Potion Petition, Call Merchant, Bribe Branch, Renounce Religion


You escaped.
You worshipped Gozag.
Gozag was extremely pleased with you.
You were not hungry.

You visited 8 branches of the dungeon, and saw 46 of its levels.
You visited 1 bazaar.
You also visited: Gauntlet and Ice Cave.

You collected 31038 gold pieces.
You spent 9379 gold pieces at shops.
You paid 10963 gold pieces to Gozag.

Inventory:

Hand Weapons
 a - a +9 vampiric demon trident (weapon)
Missiles
 p - 16 javelins of penetration
 z - 12 throwing nets {!f}
 G - 18 silver javelins
 Q - 47 steel javelins (quivered)
Armour
 d - a +0 pair of gloves (worn)
 h - a +2 hat (worn)
 F - a +9 plate armour of fire resistance (worn)
 H - a scarf of resistance (worn)
 O - the +2 shield of Oquiroel (worn) {rPois Str+4 Dex+4}
   (You bought it in a shop on level 1 of the Orcish Mines)

   It affects your strength (+4).
   It affects your dexterity (+4).
   It protects you from poison.
 V - a +0 pair of boots (worn)
Jewellery
 J - the ring of Temptation (left hand) {rElec rN+ MR+ Int+6 Dex-5}
   (You bought it in a shop on level 2 of the Orcish Mines)

   [ring of protection from magic]

   It affects your intelligence (+6).
   It affects your dexterity (-5).
   It insulates you from electricity.
   It protects you from negative energy.
   It affects your resistance to hostile enchantments.
 M - the ring of Zenn (right hand) {EV+5 Str+7 Int+5 SInv}
   (You bought it in a shop on level 2 of the Shoals)

   [ring of evasion]

   It affects your evasion (+5).
   It affects your strength (+7).
   It affects your intelligence (+5).
   It lets you see invisible.
 U - the amulet "Jamuapp" (around neck) {Regen+ Dex+2 Stlth+}
   (You found it in a Gauntlet)

   [amulet of regeneration]

   It affects your dexterity (+2).
   It increases your rate of regeneration.
   It makes you more stealthy.
Wands
 i - a wand of disintegration (5)
 k - a wand of acid (23)
 s - a wand of enslavement (18)
 v - a wand of polymorph (20)
 A - a wand of paralysis (16)
 E - a wand of clouds (9)
 R - a wand of digging (10)
 X - a wand of scattershot (7)
Scrolls
 f - 14 scrolls of teleportation {@r3 !r}
 g - 28 scrolls of remove curse {@r2}
 o - 4 scrolls of fear {!r}
 q - 6 scrolls of immolation
 r - 2 scrolls of identify
 t - 2 scrolls of holy word
 y - 3 scrolls of magic mapping {@r5 !r}
 N - 4 scrolls of silence
 P - 3 scrolls of blinking {@r4}
 S - 2 scrolls of vulnerability
 W - 9 scrolls of fog {!r}
Potions
 c - 6 potions of mutation
 l - 20 potions of curing {@q1}
 m - 5 potions of heal wounds {@q2}
 n - 5 potions of invisibility
 u - 4 potions of magic
 w - 2 potions of cancellation
 x - 3 potions of haste {@q4 !q}
 B - 3 potions of agility {@q5 !q}
 C - 9 potions of flight
 D - 9 potions of brilliance
 I - 7 potions of might {@q3 !q}
 K - 4 potions of ambrosia
 L - a potion of resistance
 Y - 5 potions of lignification {@q6}
Miscellaneous
 b - a phantom mirror
 j - 2 sacks of spiders
 T - 2 boxes of beasts
 Z - a lamp of fire
Comestibles
 e - 28 rations


   Skills:
 + Level 17.4(16.7) Fighting
 + Level 17.0(16.3) Short Blades
 + Level 17.0(16.3) Long Blades
 + Level 17.1(16.4) Axes
 + Level 17.0(16.3) Maces & Flails
 + Level 17.0(16.3) Polearms
 + Level 17.0(16.3) Staves
 + Level 17.0(16.3) Slings
 + Level 17.0(16.3) Bows
 + Level 17.0(16.3) Crossbows
 + Level 17.0(16.3) Throwing
 + Level 17.0(16.3) Armour
 + Level 17.0(16.3) Dodging
 + Level 17.0(16.3) Stealth
 + Level 17.1(16.4) Shields
 + Level 17.0(16.3) Unarmed Combat
 + Level 17.2(16.4) Spellcasting
 + Level 14.6(13.9) Conjurations
 + Level 15.0(14.3) Hexes
 + Level 14.6(13.9) Charms
 + Level 14.6(13.9) Summonings
 + Level 14.6(13.9) Necromancy
 + Level 14.6(13.9) Translocations
 + Level 14.6(13.9) Transmutations
 + Level 14.6(13.9) Fire Magic
 + Level 14.6(13.9) Ice Magic
 + Level 15.0(14.3) Air Magic
 + Level 14.6(13.9) Earth Magic
 + Level 14.6(13.9) Poison Magic
 + Level 18.3(17.5) Invocations
 + Level 17.1(16.4) Evocations


You had 15 spell levels left.
You knew the following spells:

 Your Spells              Type           Power        Failure   Level  Hunger
a - Confuse               Hex            #######.     1%          3    None
b - Song of Slaying       Chrm           #######.     1%          2    None
c - Spectral Weapon       Hex/Chrm       #######.     1%          3    None
d - Blink                 Tloc           N/A          1%          2    None
e - Passwall              Tmut/Erth      #######.     1%          2    None
f - Summon Butterflies    Summ           #######.     1%          1    None
g - Lee's Rapid Deconstr  Erth           #######...   1%          5    None
h - Lesser Beckoning      Tloc           #######...   1%          3    None
i - Summon Lightning Spi  Summ/Air       #######.     1%          4    None
j - Yara's Violent Unrav  Hex/Tmut       #######...   1%          5    None
k - Malign Gateway        Summ/Tloc      #######...   22%         7    ####...
M - Borgnjor's Vile Clut  Necr/Erth      #######...   1%          5    None
T - Regeneration          Chrm/Necr      #######...   1%          3    None

Your spell library contained the following spells:

 Spells                   Type           Power        Failure   Level  Hunger
 Beastly Appendage        Tmut           ######       1%          1    None
 Confusing Touch          Hex            ######       1%          1    None
 Corona                   Hex            #######      1%          1    None
 Flame Tongue             Conj/Fire      #####        1%          1    None
 Infusion                 Chrm           ####         1%          1    None
 Magic Dart               Conj           ####         1%          1    None
 Sandblast                Erth           ######       1%          1    None
 Summon Small Mammal      Summ           ####         1%          1    None
 Call Imp                 Summ           #######.     1%          2    None
 Ensorcelled Hibernation  Hex/Ice        ######       1%          2    None
 Shroud of Golubria       Chrm/Tloc      #######...   1%          2    None
 Slow                     Hex            #######.     1%          2    None
 Sticks to Snakes         Tmut           #######.     1%          2    None
 Throw Flame              Conj/Fire      ######       1%          2    None
 Call Canine Familiar     Summ           #######.     1%          3    None
 Conjure Flame            Conj/Fire      #######.     1%          3    None
 Dazzling Spray           Conj/Hex       ######       1%          3    None
 Gell's Gravitas          Tloc           #######...   1%          3    None
 Inner Flame              Hex/Fire       #######.     1%          3    None
 Mephitic Cloud           Conj/Pois/Air  #######.     1%          3    None
 Ozocubu's Armour         Chrm/Ice       #######.     1%          3    None
 Recall                   Summ/Tloc      N/A          1%          3    None
 Spider Form              Tmut/Pois      #######...   1%          3    None
 Static Discharge         Conj/Air       #######.     1%          3    None
 Stone Arrow              Conj/Erth      ######       1%          3    None
 Summon Guardian Golem    Hex/Summ       #######.     1%          3    None
 Teleport Other           Tloc           #######.     1%          3    None
 Tukima's Dance           Hex            #######.     1%          3    None
 Animate Dead             Necr           N/A          1%          4    None
 Ice Form                 Ice/Tmut       #######.     1%          4    None
 Iskenderun's Mystic Bla  Conj           #######.     1%          4    None
 Petrify                  Tmut/Erth      #######.     1%          4    None
 Sticky Flame             Conj/Fire      #######.     1%          4    None
 Summon Ice Beast         Ice/Summ       #######.     1%          4    None
 Throw Icicle             Conj/Ice       #######.     1%          4    None
 Agony                    Necr           #######.     1%          5    None
 Blade Hands              Tmut           #######...   1%          5    None
 Fireball                 Conj/Fire      #######...   1%          5    None
 Iskenderun's Battlesphe  Conj/Chrm      #######.     1%          5    None
 Lightning Bolt           Conj/Air       #######...   1%          5    None
 Metabolic Englaciation   Hex/Ice        #######...   1%          5    None
 Silence                  Hex/Air        #######...   1%          5    None
 Darkness                 Hex            #######...   3%          6    None
 Freezing Cloud           Conj/Ice/Air   #######...   3%          6    None
 Bolt of Cold             Conj/Ice       #######...   4%          6    None
 Death Channel            Necr           #######...   4%          6    None
 Ozocubu's Refrigeration  Ice            #######...   4%          6    None
 Shadow Creatures         Summ           N/A          4%          6    None
 Simulacrum               Ice/Necr       #######...   4%          6    None
 Monstrous Menagerie      Summ           #######...   22%         7    ####...
 Summon Greater Demon     Summ           #######...   22%         7    ####...
 Summon Horrible Things   Summ           #######...   86%         8    #####..
 Passage of Golubria      Tloc           Unusable     N/A         4    N/A

Dungeon Overview and Level Annotations

Branches:
Dungeon (15/15)            Temple (0/1) D:4            Lair (6/6) D:11
 Shoals (4/4) Lair:4       Spider (4/4) Lair:4        Slime (0/5) Lair:5
    Orc (2/2) D:11            Elf (0/3) Orc:2        Vaults (5/5) D:14
  Crypt (0/3) Vaults:3     Depths (5/5) D:15            Zot (5/5) Depths:5

Altars:
Ashenzari
Dithmenos
Fedhas
Gozag
Makhleb
Qazlal
Trog
Uskayaw
The Shining One

Shops:
D:7 (   D:8 **[((   D:13 %   D:14 (   D:15 *   Orc:1 [   Orc:2 (*[[
Shoals:2 ==   Vaults:1 :[   Vaults:3 :   Vaults:4 :   Depths:3 *:}=[}[
Depths:4 }   Depths:5 !

Portals:
Hell: Depths:1 Depths:3 Depths:4 Depths:5
Abyss: Depths:4
Pandemonium: Depths:3
Ziggurat: Depths:4

Annotations:
Spider:2 exclusion: Roxanne, Roxanne
Depths:2 1 runed translucent door


Innate Abilities, Weirdness & Mutations

Your experience applies equally to all skills.
You have very sharp teeth.
Your uncanny sense of smell can sniff out nearby items.
You are dopey. (Int -2)
You occasionally shout uncontrollably at your foes.


Message History

You reach to attack!
Your plate armour prevents you from hitting the reaper.
The reaper is lightly wounded.
The zombie hands constrict the reaper!
Attack whom?
Press: ? - help, Dir - move target cursor, f/p - reaper
Aim: a reaper, wielding a +2 vampiric scythe (lightly wounded, constricted by zombie hands)
You reach to attack!
You impale the reaper!!
The reaper is heavily wounded.
The zombie hands constrict the reaper!
You block the reaper's attack.
The zombie hands constrict the reaper.
You impale the reaper!!
The reaper is almost dead.
The zombie hands constrict the reaper.
You kill the reaper!
No target in view!
(D) Dungeon (T) Temple (L) Lair (A) Shoals (N) Spider Nest (M) Slime Pits (O) Orcish Mines (E) Elven Halls (V) Vaults (C) Crypt (U) Depths (H) Hell (Z) Zot
Where to? (Enter - D:1 @ (x,y), ? - help)
There is an open door here.
There is a stone staircase leading up here.
You climb upwards.
Magic restored.
There is a stone staircase leading down here.
There is a stone staircase leading up, spattered with blood here.
You see here a +0 short sword.
You climb upwards.
There is a stone staircase leading down here.
Things that are here:
4 stones; a +0 short sword
There is a stone staircase leading up here.
You climb upwards.
There is a stone staircase leading down here.
A Tzitzimitl comes into view.
There is a stone staircase leading up here.
The Tzitzimitl moves out of view.
There is a stone staircase leading up here.
You climb upwards.
There is a stone staircase leading down here.
(D) Dungeon (T) Temple (L) Lair (A) Shoals (N) Spider Nest (M) Slime Pits (O) Orcish Mines (E) Elven Halls (V) Vaults (C) Crypt (U) Depths (H) Hell (Z) Zot
Where to? (Enter - D:1 @ (x,y), ? - help)
There is a stone staircase leading up here.
You climb upwards.
There is a stone staircase leading down here.
There is a stone staircase leading up here.
You climb upwards.
There is a stone staircase leading down here.
There is an open door here.
There is a stone staircase leading up here.
You climb upwards.
There is a stone staircase leading down here.
There is a stone staircase leading up here.
You climb upwards.
There is a stone staircase leading down here.
You see here 18 stones.
You open the door.
There is an open door here.
There is a stone staircase leading up here.
You climb upwards.
There is a stone staircase leading down here.
You bark at the hell beast!
A hell beast comes into view.
The hell beast squeals angrily.
You block the hell beast's attack. The hell beast closely misses you.
You hit the hell beast.
The hell beast is lightly wounded.
You block the hell beast's attack.
The hell beast tramples you but does no damage.
Casting: Borgnjor's Vile Clutch (safe; 1% risk of failure)
Confirm with . or Enter, or press ? or * to list all spells.
Aiming: Borgnjor's Vile Clutch (safe; 1% risk of failure)
Press: ? - help, Dir - move target cursor, f - hell beast
Aim: a hell beast (lightly wounded) Decaying hands burst forth from the earth!
Zombie hands grab the hell beast.
The zombie hands constrict the hell beast.
You block the hell beast's attack. x2
You puncture the hell beast!
You bite the hell beast, but do no damage.
The hell beast is moderately wounded.
The zombie hands constrict the hell beast!
You block the hell beast's attack. x2
You skewer the hell beast like a kebab!!!
The hell beast is almost dead.
The zombie hands constrict the hell beast.
You kill the hell beast!
No target in view!
No target in view!
You now have 10696 gold pieces (gained 23).
Evoke which item? (* to show all) (? for menu, Esc to quit)
Aiming: Dig
Press: ? - help, Shift-Dir - straight line This square is covered in magical glow.
The rock shatters into small pieces.
There is a staircase leading out of the dungeon here.
You have escaped!

####.#.#.....#.###.#..#.#..####..
#.#.##.#.##..........#..# #..
##.#.#.......#.......##..####..
#....#.......##########........
#....#.......#.................
#....#.#######.######.#........
#....#.# #.................
####.#.#.############.#####.##.#.
.......#.#......@......#.....#.#.
.......#.#.......§§§...#.##).#.#.
.......#.##...≈≈≈§≈§..##.##..#.#)
.........##...≈≈≈§≈§..##.##..#...
.......#####...≈≈≈...###.######..
..........##...≈≈≈...#....#####.#
..........###...≈...##.#........#
..........# #...≈...#...#.####..#
########### ##.....##)..#.####...


There were no monsters in sight!

Vanquished Creatures
  Mennas (Vaults:3)
  An ancient lich (Vaults:4)
  4 juggernauts
  Sojobo (Vaults:3)
  Boris (twice) (Vaults:2 Depths:4)
  Bai Suzhen (Depths:2)
  Frederick (Vaults:3)
  Saint Roka (Vaults:2)
  6 golden dragons
  2 caustic shrikes (Depths:3)
  the Enchantress (Depths:2)
  Nikola (Depths:2)
  An electric golem (Zot:5)
  4 tentacled monstrosities
  5 titans
  4 Orb Guardians (Zot:5)
  5 liches
  A quicksilver dragon (Depths:3)
  An Executioner (Depths:3)
  The ghost of iamserjio the Warrior, an adept OpWn of Ru (Shoals:1)
  A kraken (Shoals:1)
  9 sphinxes
  Donald (Orc:2)
  5 storm dragons
  A draconian monk (Zot:2)
  7 shadow dragons
  Ilsuiw (Shoals:2)
  19 fire giants
  9 tengu reavers
  3 ghost moths (Spider:4)
  3 iron dragons
  A draconian scorcher (Depths:5)
  8 emperor scorpions
  2 deep elf sorcerers (Vaults:5)
  12 vault wardens
  Aizul (Spider:4)
  16 frost giants
  A juggernaut zombie (Depths:4)
  A draconian stormcaller (Zot:2)
  A draconian annihilator (Depths:5)
  3 war gargoyles (Vaults:5)
  A caustic shrike zombie (Depths:4)
  12 ironheart preservers
  8 spriggan defenders
  30 stone giants
  A reaper (D:10)
  21 very ugly things
  5 deep elf demonologists
  A green draconian (Zot:2)
  6 vampire knights
  7 entropy weavers
  A black draconian (Depths:5)
  3 deep elf annihilators
  Azrael (Spider:1)
  7 spark wasps
  A lorocyproca (D:14)
  3 purple draconians
  2 white draconians (Depths:5)
  A red draconian (Depths:5)
  14 ettins
  13 merfolk javelineers
  2 deep elf death magi
  14 fire dragons
  7 hydras
  11 merfolk impalers
  16 yaktaur captains
  2 deep elf high priests
  6 great orbs of eyes
  5 rakshasas
  Fannar (Lair:1)
  Harold (D:7)
  2 hell beasts
  9 spriggan air magi
  11 ice dragons
  35 vault guards
  A catoblepas (Lair:6)
  3 merfolk avatars
  18 ogre magi
  10 centaur warriors
  64 two-headed ogres
  6 satyrs
  2 merfolk aquamancers
  13 spriggan berserkers
  A death knight (D:13)
  13 deep troll shamans
  3 vampire magi
  13 deep troll earth magi
  A death yak (shapeshifter) (Depths:4)
  2 death yaks (IceCv)
  5 orc high priests
  4 tengu warriors
  6 deep elf knights
  6 hell knights
  2 soul eaters (D:15)
  2 shadow wraiths
  A fire crab (shapeshifter) (Depths:5)
  7 iron trolls
  11 sea snakes
  4 skeletal warriors
  33 deep trolls
  A salamander mystic (Depths:2)
  3 glowing orange brains
  2 wizards
  2 flayed ghosts
  A swamp dragon (shapeshifter) (Vaults:5)
  9 deep elf archers
  A glowing orange brain (shapeshifter) (Depths:4)
  5 unseen horrors
  A swamp dragon (Vaults:1)
  6 necromancers
  12 ironbrand convokers
  18 deep elf magi
  7 phantasmal warriors
  Pikel (D:8)
  A wolf spider zombie (D:14)
  13 harpies
  7 orb spiders
  11 orc knights
  A glowing shapeshifter (Depths:3)
  A frost giant zombie (Vaults:4)
  4 orc sorcerers
  An orb spider (shapeshifter) (Depths:3)
  63 ugly things
  38 wolf spiders
  6 moths of wrath
  19 fauns
  4 manticores
  2 salamanders (Depths:2)
  An iron dragon skeleton (Depths:4)
  9 cyclopes
  2 guardian serpents (shapeshifter)
  6 elephants
  7 water nymphs
  20 merfolk sirens
  21 vault sentinels
  An ice statue (IceCv)
  Joseph (D:7)
  4 black mambas
  A torpor snail (shapeshifter) (Vaults:5)
  3 gargoyles
  10 spiny frogs
  An eye of devastation (Vaults:1)
  4 centaur skeletons
  7 rime drakes
  An efreet (D:15)
  67 yaktaurs
  10 freezing wraiths
  2 kobold demonologists (D:14)
  3 komodo dragons
  33 merfolk
  12 trolls
  15 demonic crawlers
  A red devil (Depths:1)
  3 tengu conjurers
  4 wind drakes
  A yaktaur skeleton (D:15)
  38 jumping spiders
  20 hornets
  6 meliai
  A jumping spider (shapeshifter) (D:14)
  15 polar bears
  A hornet (shapeshifter) (Vaults:4)
  2 queen bees
  A blink frog (shapeshifter) (D:15)
  A deep troll zombie (D:15)
  8 blink frogs
  12 slime creatures
  A human simulacrum (Vaults:4)
  A stone giant simulacrum (Vaults:2)
  A fire dragon zombie (D:15)
  9 dream sheep
  A slime creature (shapeshifter) (D:14)
  6 flying skulls (Depths:1)
  A centaur simulacrum (D:15)
  6 hippogriffs
  8 snapping turtles
  A snapping turtle (shapeshifter) (Vaults:5)
  2 redbacks (shapeshifter)
  19 spriggans
  Sigmund (D:3)
  6 wraiths
  A ynoxinul (Zot:2)
  A spriggan (shapeshifter) (Vaults:5)
  A fire elemental (Spider:1)
  A spriggan simulacrum (Depths:4)
  55 yaks
  6 shadows
  57 redbacks
  A spriggan skeleton (D:15)
  2 hungry ghosts (D:11)
  20 water elementals
  4 wyverns
  17 tarantellas
  4 basilisks
  A basilisk (shapeshifter) (Vaults:4)
  A steam dragon (D:11)
  2 golden eyes (D:15)
  Menkaure (D:4)
  A soldier ant (D:11)
  3 vampire mosquitoes (D:12)
  12 wargs
  2 acid dragons
  9 water moccasins
  A water moccasin (shapeshifter) (Vaults:5)
  2 porcupines (Lair:1)
  A floating eye (Depths:4)
  A porcupine (shapeshifter) (D:15)
  3 hell hounds (Spider:1)
  41 orc warriors
  2 ice beasts
  An elf zombie (Vaults:4)
  5 black bears
  A hornet zombie (D:11)
  7 phantoms
  A necrophage (D:11)
  12 boggarts
  44 ogres
  6 sky beasts
  3 eyes of draining
  An eye of draining (shapeshifter) (D:15)
  30 wolves
  8 crocodiles
  23 centaurs
  5 big kobolds
  A big kobold (shapeshifter) (Vaults:5)
  Blork the orc (D:5)
  A bullfrog (shapeshifter) (Vaults:5)
  13 bullfrogs
  3 wyvern zombies
  A water moccasin zombie (D:7)
  7 scorpions
  51 killer bees
  6 wights
  9 crimson imps
  A bullfrog zombie (D:8)
  3 centaur zombies
  4 hounds
  6 jellies
  2 quasits
  31 orc priests
  37 orc wizards
  5 iguanas
  13 worker ants
  8 ogre zombies (D:11)
  A hound zombie (D:7)
  8 gnolls
  12 adders
  5 shadow imps
  3 oozes
  3 adder skeletons
  An adder zombie (D:5)
  2 worms
  4 dart slugs
  7 leopard geckos
  104 orcs
  6 bats
  2 giant cockroaches
  15 goblins
  5 hobgoblins
  11 jackals
  8 quokkas
  2 ball pythons
  3 frilled lizards
  2 goblin zombies (D:11)
  A hobgoblin skeleton (D:11)
  A hobgoblin zombie (D:11)
  33 kobolds
  2 orc skeletons (D:11)
  19 orc zombies (D:11)
  7 rats
  3 plants
  5 spectral weapons
  2 tentacles (Shoals:1)
2178 creatures vanquished.

Vanquished Creatures (collateral kills)
  An ancient lich (Zot:5)
  2 Killer Klowns (Zot:5)
  3 golden dragons (Zot:5)
  An electric golem (Zot:5)
  3 tentacled monstrosities (Zot:5)
  15 Orb Guardians (Zot:5)
  2 quicksilver dragons (Zot:5)
  2 death cobs (Zot:5)
  A storm dragon (Zot:5)
  A draconian knight (Zot:5)
  A draconian scorcher (Zot:5)
  A draconian shifter (Zot:5)
  2 white draconians (Zot:5)
  4 yellow draconians (Zot:5)
  A wolf spider (Spider:4)
  3 moths of wrath (Zot:5)
43 creatures vanquished.

Vanquished Creatures (others)
  3 ancient liches (Zot:5)
  2 orbs of fire (Zot:5)
  A Killer Klown (Zot:5)
  6 Orb Guardians (Zot:5)
  Asterion (Spider:3)
  2 death cobs (Zot:5)
  A draconian knight (Zot:5)
  2 draconian annihilators
  2 green draconians
  A white draconian (Zot:5)
  5 red draconians (Zot:5)
  2 ogre magi
  A centaur warrior (Depths:1)
  3 two-headed ogres (Depths:1)
  A dancing weapon (Vaults:5)
  A shadow wraith (Vaults:4)
  A deep troll (Depths:1)
  3 moths of wrath (Zot:5)
  A yaktaur (Vaults:1)
  A polar bear (IceCv)
  A water elemental (Depths:1)
  A yak (IceCv)
  2 boggarts (Vaults:2)
  3 ogres
  3 wolves (IceCv)
  3 orcs
  A goblin (Depths:1)
  A fungus (Lair:1)
  26 plants
  64 spectral weapons
  19 tentacles (Shoals:1)
164 creatures vanquished.

Grand Total: 2385 creatures vanquished

Notes
Turn   | Place    | Note
-------+----------+-------------------------------------------
     0 | D:1      | EnegeticOcto the Gnoll Wanderer began the quest for the
                  | Orb.
     0 | D:1      | EnegeticOcto set off with the following items: a +2 hand
                  | axe, a +0 robe, a ration; and the following spell
                  | memorised: Summon Butterflies; and the following spells
                  | available to memorise: Call Canine Familiar
     0 | D:1      | Reached XP level 1. HP: 20/20 MP: 4/4
    73 | D:1      | Reached XP level 2. HP: 17/26 MP: 5/5
   517 | D:1      | Reached XP level 3. HP: 31/31 MP: 7/7
  1042 | D:2      | Found a bloodstained altar of Trog.
  1149 | D:2      | Reached skill level 1 in Invocations
  1478 | D:2      | Reached skill level 1 in Short Blades
  1478 | D:2      | Reached skill level 1 in Long Blades
  1478 | D:2      | Reached skill level 1 in Maces & Flails
  1478 | D:2      | Reached skill level 1 in Polearms
  1478 | D:2      | Reached skill level 1 in Staves
  1478 | D:2      | Reached skill level 1 in Slings
  1478 | D:2      | Reached skill level 1 in Bows
  1478 | D:2      | Reached skill level 1 in Crossbows
  1478 | D:2      | Reached skill level 1 in Throwing
  1478 | D:2      | Reached skill level 1 in Armour
  1478 | D:2      | Reached skill level 1 in Dodging
  1478 | D:2      | Reached skill level 1 in Stealth
  1478 | D:2      | Reached skill level 1 in Unarmed Combat
  1684 | D:2      | Reached XP level 4. HP: 34/38 MP: 8/8
  2034 | D:3      | Found an opulent altar of Gozag.
  2042 | D:3      | Became a worshipper of Gozag Ym Sagoz the Greedy
  2286 | D:3      | Noticed Sigmund
  2309 | D:3      | Killed Sigmund
  2309 | D:3      | Reached skill level 1 in Conjurations
  2309 | D:3      | Reached skill level 1 in Charms
  2309 | D:3      | Reached skill level 1 in Summonings
  2309 | D:3      | Reached skill level 1 in Necromancy
  2309 | D:3      | Reached skill level 1 in Translocations
  2309 | D:3      | Reached skill level 1 in Transmutations
  2309 | D:3      | Reached skill level 1 in Fire Magic
  2309 | D:3      | Reached skill level 1 in Ice Magic
  2309 | D:3      | Reached skill level 1 in Earth Magic
  2309 | D:3      | Reached skill level 1 in Poison Magic
  2309 | D:3      | Reached XP level 5. HP: 26/43 MP: 9/9
  2509 | D:3      | Reached XP level 6. HP: 50/50 MP: 10/10
  2623 | D:3      | Reached skill level 2 in Invocations
  2651 | D:3      | Reached skill level 5 in Fighting
  3006 | D:4      | Found a staircase to the Ecumenical Temple.
  3041 | D:4      | Got an iridescent short sword
  3042 | D:4      | Identified the +8 short sword "Kaliem" {pierce, rF++ Int-2}
                  | (You found it on level 4 of the Dungeon)
  3079 | D:4      | Noticed a phantom
  3106 | D:4      | Killed a phantom
  3163 | D:4      | Reached XP level 7. HP: 53/56 MP: 12/12
  3551 | D:4      | Found a blossoming altar of Fedhas.
  3788 | D:4      | Reached skill level 3 in Invocations
  4217 | D:4      | Noticed Menkaure
  4231 | D:4      | Killed Menkaure
  4231 | D:4      | Reached XP level 8. HP: 63/63 MP: 14/14
  4384 | D:5      | Entered Level 5 of the Dungeon
  4667 | D:5      | Noticed Blork the orc
  4677 | D:5      | Killed Blork the orc
  4870 | D:5      | Reached skill level 4 in Invocations
  5465 | D:6      | Reached XP level 9. HP: 63/69 MP: 16/16
  5587 | D:6      | Got an ichor-stained mace
  5588 | D:6      | Identified the +4 mace "Haaham" {pain, +Fly} (You found it
                  | on level 6 of the Dungeon)
  5837 | D:6      | Reached skill level 5 in Hexes
  5837 | D:6      | Reached skill level 5 in Air Magic
  6614 | D:7      | Found Olohamno's Weapon Shop.
  6897 | D:7      | Noticed Joseph
  6915 | D:7      | Killed Joseph
  6915 | D:7      | Reached skill level 5 in Axes
  6915 | D:7      | Reached skill level 5 in Shields
  6915 | D:7      | Reached skill level 5 in Spellcasting
  6915 | D:7      | Reached skill level 5 in Evocations
  6984 | D:7      | Noticed Harold
  7372 | D:7      | Killed Harold
  7372 | D:7      | Reached skill level 5 in Invocations
  7547 | D:7      | Reached XP level 10. HP: 77/77 MP: 18/18
  7768 | D:8      | Found Uloob's Assorted Antiques.
  7776 | D:8      | Bought a murky green potion for 20 gold pieces
  7776 | D:8      | Bought 2 black potions for 41 gold pieces
  7776 | D:8      | Bought a scroll labeled GYRUSSI OHAZY for 23 gold pieces
  7776 | D:8      | Bought a potion of lignification for 69 gold pieces
  7776 | D:8      | Bought a glowing bronze ring for 115 gold pieces
  7776 | D:8      | Bought a scroll of identify for 46 gold pieces
  7782 | D:8      | Learned a level 2 spell: Song of Slaying
  7786 | D:8      | Learned a level 3 spell: Spectral Weapon
  7790 | D:8      | Learned a level 3 spell: Regeneration
  7828 | D:8      | Found Liaph's Antique Weapon Shop.
  7885 | D:8      | Bought a glowing lajatang for 432 gold pieces
  8516 | D:8      | Found Gufad's Armour Shoppe.
  8574 | D:8      | Found Tohovva's Assorted Antiques.
  8577 | D:8      | Bought a cabochon ring for 110 gold pieces
  8577 | D:8      | Bought a potion of heal wounds for 110 gold pieces
  8577 | D:8      | Bought a scroll of identify for 44 gold pieces
  8612 | D:8      | Noticed a cyclops
  8784 | D:8      | Reached skill level 5 in Short Blades
  8784 | D:8      | Reached skill level 5 in Long Blades
  8784 | D:8      | Reached skill level 5 in Maces & Flails
  8784 | D:8      | Reached skill level 5 in Polearms
  8784 | D:8      | Reached skill level 5 in Staves
  8784 | D:8      | Reached skill level 5 in Slings
  8784 | D:8      | Reached skill level 5 in Bows
  8784 | D:8      | Reached skill level 5 in Crossbows
  8784 | D:8      | Reached skill level 5 in Throwing
  8784 | D:8      | Reached skill level 5 in Armour
  8784 | D:8      | Reached skill level 5 in Dodging
  8784 | D:8      | Reached skill level 5 in Stealth
  8784 | D:8      | Reached skill level 5 in Unarmed Combat
  8832 | D:8      | Found Yzigagot's Antique Weapon Shop.
  8867 | D:8      | Noticed Pikel
  8886 | D:8      | Killed Pikel
  8937 | D:8      | Learned a level 2 spell: Blink
  9058 | D:8      | Killed a cyclops
  9520 | D:9      | Found a stormy altar of Qazlal.
  9559 | D:9      | Reached skill level 6 in Invocations
  9703 | D:9      | Found a hide-covered altar of Uskayaw.
  9778 | D:9      | Found a shattered altar of Ashenzari.
  9908 | D:9      | Reached XP level 11. HP: 78/84 MP: 20/20
 10076 | D:9      | Noticed a two-headed ogre
 10086 | D:9      | Killed a two-headed ogre
 10725 | D:10     | Entered Level 10 of the Dungeon
 10857 | D:10     | Reached skill level 5 in Conjurations
 10857 | D:10     | Reached skill level 5 in Charms
 10857 | D:10     | Reached skill level 5 in Summonings
 10857 | D:10     | Reached skill level 5 in Necromancy
 10857 | D:10     | Reached skill level 5 in Translocations
 10857 | D:10     | Reached skill level 5 in Transmutations
 10857 | D:10     | Reached skill level 5 in Fire Magic
 10857 | D:10     | Reached skill level 5 in Ice Magic
 10857 | D:10     | Reached skill level 5 in Earth Magic
 10857 | D:10     | Reached skill level 5 in Poison Magic
 10999 | D:10     | Found a glowing golden altar of the Shining One.
 11008 | D:10     | Got a bloodstained long sword
 11009 | D:10     | Identified the +7 long sword of Xom's Envy {flame, +Rage
                  | rElec SInv} (You found it on level 10 of the Dungeon)
 11354 | D:10     | Learned a level 2 spell: Passwall
 11687 | D:11     | Found a staircase to the Lair.
 11702 | D:11     | Reached skill level 7 in Invocations
 11782 | D:11     | Noticed a two-headed ogre
 11793 | D:10     | Killed a two-headed ogre
 12150 | D:11     | Noticed a cyclops
 12168 | D:11     | Killed a cyclops
 12168 | D:11     | Reached XP level 12. HP: 80/93 MP: 21/23
 12387 | D:11     | Found a burning altar of Makhleb.
 12723 | D:11     | Found a staircase to the Orcish Mines.
 13771 | D:11     | Noticed a five-headed hydra
 13783 | D:11     | Killed a one-headed hydra
 13955 | Lair:1   | Entered Level 1 of the Lair of Beasts
 14018 | Lair:1   | Noticed Fannar
 14026 | Lair:1   | Killed Fannar
 14086 | Lair:1   | Reached skill level 8 in Invocations
 14264 | Lair:1   | Noticed a four-headed hydra
 14269 | Lair:1   | Noticed a six-headed hydra
 14291 | Lair:1   | Killed a one-headed hydra
 14297 | Lair:1   | Killed a one-headed hydra
 15356 | Lair:2   | You fall through a shaft!
 15411 | Lair:3   | Found a gate leading to a gauntlet.
 15432 | Gauntlet | Entered a Gauntlet
 15432 | Gauntlet | Found a large runed translucent door.
 15432 | Gauntlet | Found a large runed translucent door.
 15432 | Gauntlet | Found a large runed translucent door.
 15432 | Gauntlet | Found a large runed translucent door.
 15432 | Gauntlet | Found a large runed translucent door.
 15432 | Gauntlet | Found a large runed translucent door.
 15432 | Gauntlet | Found a large runed translucent door.
 15432 | Gauntlet | Found a large runed translucent door.
 15432 | Gauntlet | Found a runed translucent door.
 15432 | Gauntlet | Found a runed translucent gate.
 15432 | Gauntlet | Found a transporter.
 15432 | Gauntlet | Found a transporter.
 15432 | Gauntlet | Found a runed translucent gate.
 15432 | Gauntlet | Found a transporter.
 15432 | Gauntlet | Found a transporter.
 15616 | Gauntlet | Found a transporter.
 15626 | Gauntlet | Found a transporter.
 15686 | Gauntlet | Found a runed translucent door.
 15687 | Gauntlet | Found a large runed translucent door.
 15687 | Gauntlet | Found a large runed translucent door.
 15687 | Gauntlet | Found a large runed translucent door.
 15687 | Gauntlet | Found a large runed translucent door.
 15688 | Gauntlet | Found a large runed translucent door.
 15688 | Gauntlet | Found a large runed translucent door.
 15689 | Gauntlet | Found a large runed translucent door.
 15689 | Gauntlet | Found a large runed translucent door.
 15693 | Gauntlet | Found a transporter.
 15705 | Gauntlet | Found a transporter.
 15719 | Gauntlet | Found a transporter.
 15731 | Gauntlet | Found a transporter.
 15744 | Gauntlet | Found a transporter.
 15750 | Gauntlet | Found a transporter.
 15773 | Gauntlet | Found a runed translucent gate.
 15835 | Gauntlet | Reached XP level 13. HP: 49/101 MP: 19/25
 15847 | Gauntlet | Got a warped ruby amulet
 15848 | Gauntlet | Identified the amulet "Jamuapp" {Regen+ Dex+2 Stlth+} (You
                  | found it in a Gauntlet)
 16103 | Gauntlet | Got a heavily runed hat
 16114 | Gauntlet | Identified the +0 hat of Leaves {*Slow Str+5} (You found it
                  | in a Gauntlet)
 16136 | Gauntlet | Noticed a minotaur
 16603 | Lair:3   | Identified the cursed +0 robe of Muohuxir {Dex+4 Slay-3
                  | Stlth+} (You found it on level 3 of the Lair of Beasts)
 17937 | Lair:4   | Found a staircase to the Shoals.
 18312 | Lair:4   | Found a hole to the Spider Nest.
 18323 | Lair:4   | Reached skill level 9 in Invocations
 18514 | Lair:4   | You fall through a shaft for 2 floors!
 18514 | Lair:6   | Entered Level 6 of the Lair of Beasts
 18516 | Lair:6   | Got a steaming glass ring
 18525 | Lair:6   | Identified the ring of Hospitality {*Slow rN+ MR++ Str+6}
                  | (You found it on level 6 of the Lair of Beasts)
 19123 | Lair:6   | Reached XP level 14. HP: 87/109 MP: 22/27
 19553 | Lair:6   | Reached skill level 10 in Fighting
 20531 | Lair:5   | Found a staircase to the Slime Pits.
 21473 | Orc:1    | Entered Level 1 of the Orcish Mines
 21477 | Orc:1    | Found Nikeil's Armour Emporium.
 21538 | Orc:1    | Bought the +2 shield of Oquiroel {rPois Str+4 Dex+4} for
                  | 425 gold pieces
 22100 | Orc:2    | Entered Level 2 of the Orcish Mines
 22100 | Orc:2    | Found a staircase to the Elven Halls.
 22182 | Orc:2    | Reached skill level 10 in Invocations
 22342 | Orc:2    | Gained mutation: You are dopey. (Int -2) [a neqoxec]
 22687 | Orc:2    | Found Cititopt's Armour Emporium.
 22687 | Orc:2    | Found Guqihara's Antique Armour Emporium.
 22687 | Orc:2    | Found Jennil's Assorted Antiques.
 22799 | Orc:2    | Noticed Donald
 22808 | Orc:2    | Killed Donald
 23017 | Orc:2    | Found Kosapre's Weapon Shoppe.
 23024 | Orc:2    | Bought a scroll of teleportation for 90 gold pieces
 23024 | Orc:2    | Bought a potion of lignification for 90 gold pieces
 23024 | Orc:2    | Bought a scorched plate armour for 840 gold pieces
 23024 | Orc:2    | Bought a clouded lead ring for 150 gold pieces
 23024 | Orc:2    | Identified the ring of Temptation {rElec rN+ MR+ Int+6
                  | Dex-5} (You bought it in a shop on level 2 of the Orcish
                  | Mines)
 23035 | Orc:2    | Identified the +0 plate armour "Wuegigamm" {rN+} (You
                  | bought it in a shop on level 2 of the Orcish Mines)
 23051 | Orc:2    | Bought an encrusted chain mail for 313 gold pieces
 23061 | Orc:2    | Identified the +7 chain mail of the Crown {+Blink} (You
                  | bought it in a shop on level 2 of the Orcish Mines)
 23061 | Orc:2    | Bought a scorched chain mail for 313 gold pieces
 23071 | Orc:2    | Identified the cursed +0 chain mail of Esiuc {rN++ Str+2}
                  | (You bought it in a shop on level 2 of the Orcish Mines)
 23418 | D:12     | Found a frozen archway.
 23439 | IceCv    | Entered an ice cave
 23783 | IceCv    | Reached XP level 15. HP: 109/117 MP: 28/28
 23864 | IceCv    | Reached skill level 10 in Spellcasting
 23984 | IceCv    | Reached skill level 10 in Axes
 23984 | IceCv    | Reached skill level 10 in Shields
 23984 | IceCv    | Reached skill level 10 in Evocations
 24084 | IceCv    | Noticed a frost giant
 24102 | IceCv    | Killed a frost giant
 24169 | IceCv    | Identified the Handbook of Cold
 25026 | D:13     | Found Fopre's Food Shoppe.
 25662 | D:14     | Found a shadowy altar of Dithmenos.
 25914 | D:14     | Reached skill level 10 in Short Blades
 25914 | D:14     | Reached skill level 10 in Long Blades
 25914 | D:14     | Reached skill level 10 in Maces & Flails
 25914 | D:14     | Reached skill level 10 in Polearms
 25914 | D:14     | Reached skill level 10 in Staves
 25914 | D:14     | Reached skill level 10 in Slings
 25914 | D:14     | Reached skill level 10 in Bows
 25914 | D:14     | Reached skill level 10 in Crossbows
 25914 | D:14     | Reached skill level 10 in Throwing
 25914 | D:14     | Reached skill level 10 in Armour
 25914 | D:14     | Reached skill level 10 in Dodging
 25914 | D:14     | Reached skill level 10 in Stealth
 25914 | D:14     | Reached skill level 10 in Unarmed Combat
 26179 | D:14     | Found a gate to the Vaults.
 26281 | D:14     | Found Neamuq's Weapon Shoppe.
 26648 | D:15     | Entered Level 15 of the Dungeon
 26834 | D:15     | Reached skill level 11 in Invocations
 26931 | D:15     | Noticed Nessos
 26932 | D:15     | Noticed Nessos
 26932 | D:15     | Nessos changed into Nessos the glowing shapeshifter
 26941 | D:15     | Noticed Nessos
 26945 | D:15     | Noticed Nessos
 26953 | D:15     | Noticed Nessos
 26953 | D:15     | Nessos the meliai changed into Nessos the blink frog
 26953 | D:15     | Killed Nessos the blink frog
 27220 | D:15     | Reached XP level 16. HP: 99/125 MP: 28/30
 27318 | D:15     | Found a staircase to the Depths.
 27699 | D:15     | Found Pestyimo's Pet Rocks.
 27940 | D:15     | Learned a level 3 spell: Confuse
 28155 | Spider:1 | Entered Level 1 of the Spider Nest
 28605 | Spider:1 | Noticed Azrael
 28651 | Spider:1 | Killed Azrael
 29310 | Spider:1 | Paralysed by a hornet for 2 turns
 29326 | Spider:1 | Upgraded the game from 0.24-a0-230-g536ed4e33c to
                  | 0.24-a0-232-g49d9ff80d8
 30147 | Spider:2 | You fall through a shaft!
 31278 | Spider:2 | Reached skill level 10 in Hexes
 31278 | Spider:2 | Reached skill level 10 in Air Magic
 31569 | Spider:2 | Noticed Roxanne
 31828 | Spider:2 | Upgraded the game from 0.24-a0-232-g49d9ff80d8 to
                  | 0.24-a0-235-g3f03afcf10
 31869 | Spider:3 | Noticed Asterion
 31970 | Spider:3 | Got a bound turquoise ring
 31975 | Spider:3 | Identified the ring "Yteyra" {rElec Int+2 Dex+3} (You found
                  | it on level 3 of the Spider Nest)
 32385 | Spider:3 | Killed Asterion
 32843 | Spider:4 | Entered Level 4 of the Spider Nest
 32942 | Spider:4 | Reached XP level 17. HP: 133/133 MP: 30/32
 33149 | Spider:4 | Reached skill level 12 in Invocations
 33361 | Spider:4 | Noticed Aizul
 33380 | Spider:4 | Killed Aizul
 35132 | Spider:4 | Got a gossamer rune of Zot
 35682 | Shoals:1 | Entered Level 1 of the Shoals
 35827 | Shoals:1 | Noticed a kraken
 35986 | Shoals:1 | Killed a kraken
 36053 | Shoals:1 | Identified the +0 cloak "Racuukint" {Regen+ Int+2 Dex+5}
                  | (You found it on level 1 of the Shoals)
 36760 | Shoals:1 | Reached skill level 10 in Conjurations
 36760 | Shoals:1 | Reached skill level 10 in Charms
 36760 | Shoals:1 | Reached skill level 10 in Summonings
 36760 | Shoals:1 | Reached skill level 10 in Necromancy
 36760 | Shoals:1 | Reached skill level 10 in Translocations
 36760 | Shoals:1 | Reached skill level 10 in Transmutations
 36760 | Shoals:1 | Reached skill level 10 in Fire Magic
 36760 | Shoals:1 | Reached skill level 10 in Ice Magic
 36760 | Shoals:1 | Reached skill level 10 in Earth Magic
 36760 | Shoals:1 | Reached skill level 10 in Poison Magic
 36868 | Shoals:2 | Found Corust's Jewellery Emporium.
 36959 | Shoals:2 | Bought the ring of Zenn {EV+5 Str+7 Int+5 SInv} for 1919
                  | gold pieces
 37077 | Shoals:2 | Reached XP level 18. HP: 141/141 MP: 34/34
 37354 | Shoals:2 | Found a runed translucent gate.
 37354 | Shoals:2 | Found a runed translucent gate.
 37358 | Shoals:2 | Found a runed translucent gate.
 37359 | Shoals:2 | Noticed iamserjio's ghost (adept OpWn)
 37454 | Shoals:2 | Noticed Ilsuiw
 37480 | Shoals:2 | Killed Ilsuiw
 37505 | Shoals:2 | Found Veru Tyh's Jewellery Emporium.
 38397 | Shoals:4 | Entered Level 4 of the Shoals
 38620 | Shoals:4 | Got a barnacled rune of Zot
 38640 | Shoals:4 | Reached skill level 13 in Invocations
 40134 | Depths:1 | Entered Level 1 of the Depths
 40206 | Depths:1 | Noticed a lich
 40212 | Depths:1 | Noticed a Brimstone Fiend
 40221 | Depths:1 | Killed a lich
 40221 | Depths:1 | Reached XP level 19. HP: 87/149 MP: 33/35
 40470 | Depths:1 | Found a flickering gateway to a bazaar.
 40484 | Bazaar   | Entered a bazaar
 40489 | Bazaar   | Found Xerraus's Book Shop.
 40524 | Bazaar   | Found Soduc's Gadget Shop.
 40532 | Bazaar   | Bought a wand of acid (5) for 162 gold pieces
 40779 | Depths:1 | Found a gateway to Hell.
 41396 | Depths:1 | Learned a level 5 spell: Lee's Rapid Deconstruction
 42007 | Depths:3 | Found a one-way gate leading to the halls of Pandemonium.
 42098 | Depths:3 | Found Hesh's Assorted Antiques.
 42151 | Depths:3 | Found Voimitt's Gadget Shop.
 42325 | Depths:3 | Found Lacuocol's Jewellery Emporium.
 42359 | Depths:3 | Noticed a juggernaut
 42380 | Depths:3 | Killed a juggernaut
 42407 | Depths:3 | Reached XP level 20. HP: 43/157 MP: 34/37
 42432 | Depths:3 | Reached skill level 14 in Invocations
 42521 | Depths:3 | Noticed a caustic shrike
 42529 | Depths:3 | Killed a caustic shrike
 42638 | Depths:3 | Noticed a juggernaut
 42666 | Depths:3 | Killed a juggernaut
 42794 | Depths:3 | Noticed a golden dragon
 42819 | Depths:3 | Killed a golden dragon
 42981 | Depths:3 | Bought a pair of steaming boots for 256 gold pieces
 42993 | Depths:3 | Identified the +0 pair of boots of the Game Afoot {-Cast
                  | rN+++ Str+4 Stlth+} (You bought it in a shop on level 3 of
                  | the Depths)
 43004 | Depths:3 | Bought a warped crystal plate armour for 2295 gold pieces
 43014 | Depths:3 | Identified the +1 crystal plate armour "Rifixalu" {rElec
                  | rPois Dex-2 SInv} (You bought it in a shop on level 3 of
                  | the Depths)
 43029 | Depths:3 | Bought a shiny plate armour for 702 gold pieces
 43475 | Shoals:1 | Killed iamserjio's ghost
 43790 | Vaults:1 | Entered Level 1 of the Vaults
 44300 | Vaults:1 | Found Bafitt's Book Boutique.
 44512 | Vaults:1 | Reached XP level 21. HP: 164/165 MP: 38/38
 44814 | Vaults:1 | Identified the Incunabulum of Dark Rites and Weightlessness
 45288 | Vaults:1 | Found Gakootet's Antique Armour Emporium.
 45754 | Vaults:2 | Reached skill level 15 in Invocations
 46082 | Vaults:2 | Noticed Saint Roka
 46102 | Vaults:2 | Killed Saint Roka
 46325 | Vaults:2 | Noticed Boris
 46351 | Vaults:2 | Killed Boris
 46833 | Vaults:2 | You fall through a shaft for 2 floors!
 46833 | Vaults:4 | Found Iniwi's Book Shoppe.
 46883 | Vaults:4 | Reached XP level 22. HP: 173/173 MP: 32/40
 47411 | Vaults:4 | Learned a level 5 spell: Borgnjor's Vile Clutch
 48268 | Vaults:3 | Noticed Mennas
 48286 | Vaults:3 | Killed Mennas
 48286 | Vaults:3 | Reached skill level 15 in Fighting
 48490 | Vaults:3 | Found Zosing's Book Shop.
 48548 | Vaults:3 | Noticed Sojobo
 48556 | Vaults:3 | Killed Sojobo
 49154 | Vaults:3 | Found a staircase to the Crypt.
 49549 | Vaults:3 | Noticed Frederick
 49571 | Vaults:3 | Reached XP level 23. HP: 137/181 MP: 31/41
 49572 | Vaults:3 | Killed Frederick
 49827 | Vaults:3 | Reached skill level 15 in Spellcasting
 50039 | Vaults:2 | Reached skill level 15 in Axes
 50039 | Vaults:2 | Reached skill level 15 in Shields
 50039 | Vaults:2 | Reached skill level 15 in Evocations
 50552 | Depths:3 | Found Keerigh's Antique Armour Emporium.
 50560 | Depths:3 | Bought a distressingly furry shield for 408 gold pieces
 50560 | Depths:3 | Identified the -5 shield of Toasodghe {rPois rCorr Int+7
                  | Dex-2} (You bought it in a shop on level 3 of the Depths)
 50616 | Depths:3 | You fall through a shaft for 2 floors!
 50616 | Depths:5 | Entered Level 5 of the Depths
 50696 | Depths:4 | Reached skill level 16 in Invocations
 50764 | Depths:4 | Noticed Boris
 50776 | Depths:4 | Killed Boris
 50829 | Depths:4 | Reached skill level 15 in Short Blades
 50829 | Depths:4 | Reached skill level 15 in Long Blades
 50829 | Depths:4 | Reached skill level 15 in Maces & Flails
 50829 | Depths:4 | Reached skill level 15 in Polearms
 50829 | Depths:4 | Reached skill level 15 in Staves
 50829 | Depths:4 | Reached skill level 15 in Slings
 50829 | Depths:4 | Reached skill level 15 in Bows
 50829 | Depths:4 | Reached skill level 15 in Crossbows
 50829 | Depths:4 | Reached skill level 15 in Throwing
 50829 | Depths:4 | Reached skill level 15 in Armour
 50829 | Depths:4 | Reached skill level 15 in Dodging
 50829 | Depths:4 | Reached skill level 15 in Stealth
 50829 | Depths:4 | Reached skill level 15 in Unarmed Combat
 50866 | Depths:4 | Noticed a golden dragon
 50891 | Depths:4 | Noticed a juggernaut
 50916 | Depths:4 | Killed a juggernaut
 50921 | Depths:4 | Killed a golden dragon
 51180 | Depths:4 | Identified the Grimoire of Hurtful Slavery
 51187 | Depths:4 | Identified the amulet "Ineoq" {Inacc Int+5} (You found it
                  | on level 4 of the Depths)
 51325 | Depths:4 | Found a one-way gate to the infinite horrors of the Abyss.
 51338 | Depths:4 | Reached XP level 24. HP: 190/190 MP: 34/42
 51571 | Depths:4 | Found a gateway to a ziggurat.
 51650 | Depths:4 | Found Esaocex's Gadget Shop.
 52208 | Depths:3 | Found Rayl's Book Shoppe.
 52342 | Depths:3 | Noticed a caustic shrike
 52356 | Depths:3 | Killed a caustic shrike
 52681 | Depths:3 | Identified a scroll of acquirement
 52719 | Depths:3 | Identified the -3 pair of gloves "Netaonky" {MR- Regen+
                  | Int+4} (You acquired it on level 3 of the Depths)
 53375 | Depths:2 | Identified the +1 faerie dragon scales {+Inv rC+ MR- rCorr
                  | SInv}
 53375 | Depths:2 | Noticed the Enchantress
 53388 | Depths:2 | Killed the Enchantress
 53501 | Depths:2 | Found a runed translucent door.
 53647 | Depths:2 | Noticed Nikola
 53647 | Depths:2 | Noticed Bai Suzhen
 53703 | Depths:2 | Killed Nikola
 53717 | Depths:2 | Killed Bai Suzhen
 54137 | Depths:5 | Reached skill level 17 in Invocations
 54200 | Depths:5 | Reached XP level 25. HP: 195/197 MP: 31/43
 54275 | Depths:5 | Found Bif Emm's Distillery.
 54382 | Depths:5 | Bought a potion of magic for 112 gold pieces
 54382 | Depths:5 | Bought a potion of heal wounds for 70 gold pieces
 54382 | Depths:5 | Bought a potion of heal wounds for 70 gold pieces
 54382 | Depths:5 | Bought a potion of lignification for 42 gold pieces
 54382 | Depths:5 | Bought a potion of heal wounds for 70 gold pieces
 54382 | Depths:5 | Bought a potion of lignification for 42 gold pieces
 54525 | Depths:5 | Found a gate to the Realm of Zot.
 54784 | Depths:5 | Noticed a juggernaut
 54797 | Depths:5 | Killed a juggernaut
 55559 | Vaults:5 | Entered Level 5 of the Vaults
 56354 | Vaults:5 | Reached XP level 26. HP: 200/207 MP: 28/43
 56542 | Vaults:5 | Got a silver rune of Zot
 56560 | Vaults:5 | Identified the amulet "Utzadwur" {Inacc Int+6} (You found
                  | it on level 5 of the Vaults)
 56592 | Vaults:5 | Identified the amulet of Cowardice {+Rage Dex+5}
 56630 | Vaults:5 | Noticed an ancient lich
 56646 | Vaults:4 | Killed an ancient lich
 56799 | Vaults:5 | Identified the ring of Wu Jian's Castigation {rPois rC-
                  | MP+9 Int+7 Stlth+}
 57573 | Vaults:5 | Identified the +7 dagger of Dithmenos's Supremacy {pierce,
                  | rF++ rC+ MR+ Dex-2}
 57600 | Vaults:5 | Reached skill level 18 in Invocations
 58514 | Zot:1    | Entered Level 1 of the Realm of Zot
 58843 | Zot:5    | Entered Level 5 of the Realm of Zot
 59051 | Zot:5    | Learned a level 3 spell: Lesser Beckoning
 59056 | Zot:5    | Learned a level 4 spell: Summon Lightning Spire
 59062 | Zot:5    | Learned a level 5 spell: Yara's Violent Unravelling
 59070 | Zot:5    | Learned a level 7 spell: Malign Gateway
 59125 | Zot:5    | Noticed a Killer Klown
 59127 | Zot:5    | Noticed an ancient lich
 59151 | Zot:5    | Killed an ancient lich
 59182 | Zot:5    | Noticed an ancient lich
 59209 | Zot:5    | Noticed an orb of fire
 59210 | Zot:5    | Noticed an orb of fire
 59262 | Zot:5    | Killed an ancient lich
 59280 | Zot:5    | Noticed an orb of fire
 59289 | Zot:5    | Noticed a Killer Klown
 59291 | Zot:5    | Noticed an orb of fire
 59291 | Zot:5    | Noticed an orb of fire
 59294 | Zot:5    | Noticed an orb of fire
 59299 | Zot:5    | Killed an orb of fire
 59300 | Zot:5    | Killed a Killer Klown
 59301 | Zot:5    | Reached skill level 15 in Hexes
 59301 | Zot:5    | Reached skill level 15 in Air Magic
 59302 | Zot:5    | Noticed an ancient lich
 59305 | Zot:5    | Noticed an ancient lich
 59307 | Zot:5    | Killed an ancient lich
 59310 | Zot:5    | Noticed a Killer Klown
 59313 | Zot:5    | Gained mutation: You occasionally shout uncontrollably at
                  | your foes. [an orb of fire]
 59317 | Zot:5    | Got the Orb of Zot
 59318 | Zot:5    | Killed a Killer Klown
 59343 | Zot:4    | Reached XP level 27. HP: 140/215 MP: 44/44
 59353 | Zot:4    | Noticed Duklesua the pandemonium lord
 59368 | Zot:3    | Noticed Todunoel the pandemonium lord
 59923 | D:$      | Escaped with the Orb!

Levels and vault maps discovered:
D:1:      lemuel_arrival_funnel, layout_basic, st_stairs_1
D:2:      layout_loops_corners, overflow_temple_1_default, grunt_ministairs_10,
          minmay_box_of_dots
D:3:      layout_rooms, lemuel_round_altar, first_ration,
          minmay_misc_feat_diagonals, minmay_ogre_servants, uniq_sigmund
D:4:      layout_basic, lemuel_crystal_altar, minmay_temple_entry_statues,
          serial_rivers, chequers_serial_rivers_micro_a,
          chequers_serial_rivers_small_b, chequers_serial_rivers_micro_a,
          chequers_serial_rivers_large_b, uniq_menkaure
D:5:      layout_basic, uniq_blork_the_orc
D:6:      layout_basic
D:7:      layout_cave_pools, serial_shops, shop, the_bakery, uniq_joseph,
          uniq_harold
D:8:      layout_basic, serial_shops, shop, shop, nicolae_shop_statue_plus,
          nicolae_shop_behind_doors, kennysheep_mini, uniq_pikel
D:9:      layout_stronghold, eat_drink_and_be_merry_uskayaw,
          nicolae_qazlal_style_of_elements, cheibrodos_ashenzari_chains
D:10:     layout_roguey, tso_metal_star
D:11:     layout_basic, erik_lair_orcish_takeover, zombieorc2_lemuel,
          basic_altar
D:12:     layout_roguey [special_room_orc], portal_ice_cave_rime
D:13:     layout_loops_ring, serial_shops, kennysheep_little_box
D:14:     layout_gridville, david_vaults_4, serial_shops, nicolae_shop_crystal,
          grunt_dithmenos_smoke_and_mirrors
D:15:     gammafunk_depths_entry_grave, layout_cave_pools,
          chequers_serial_rivers_marsh, guppyfry_shop_earth, uniq_nessos
Lair:1:   layout_long_grid, minivault_19, serial_bayou_shore_a, uniq_fannar
Lair:2:   layout_roguey [special_room_bee]
Lair:3:   layout_cave_pods, gauntlet_entry_generic, st_stairs_13
Lair:4:   layout_roguey, elwin_shoals_entry_stream, spider_nest_entry_a
Lair:5:   layout_regular_city, minmay_slime_entry_pillars
Lair:6:   minmay_lair_end_enchanted_forest, layout_hall_layers,
          grunt_megastairs_1
Shoals:1: layout_shoals
Shoals:2: layout_shoals, serial_shops, shop, gammafunk_ghost_split,
          minmay_shop_enchanted_jewellery, nicolae_shoals_mertower, uniq_ilsuiw
Shoals:3: layout_shoals, ldierk_geyser
Shoals:4: shoals_end_grunt_garden, layout_shoals, shoals_ilsuiw_alternative
Spider:1: nicolae_spider_mines_3, drop_trap, uniq_azrael
Spider:2: layout_chambers, nicolae_spider_webbed_stairs, uniq_roxanne
Spider:3: layout_spider_delve, drop_trap, uniq_asterion
Spider:4: guppyfry_spider_rune, uniq_aizul
Orc:1:    layout_caves, serial_shops, shop
Orc:2:    st_orc_mages, layout_diamond_mine, uniq_donald
Vaults:1: nicolae_vaults_border_crossing, v_misc_5, st_greater_box_5, v_misc_18,
          vaults_room_stairs_pillars, hangedman_vaults_stretched_pinwheel,
          vaults_dpeg_cross, grunt_vaults_twisty, grunt_vaults_funnel,
          v_alt_pattern_2, nicolae_vaults_little_ls, vaults_dpeg_doors,
          nicolae_vaults_ring_of_whatevers, layout_vaults_omnibox, serial_shops,
          shop_statue, nicolae_shop_window_shopping
Vaults:2: nicolae_vaults_stairing_the_circle, vaults_mumra_minichess,
          hangedman_vaults_slice, nicolae_vaults_circle_grid_a,
          hangedman_vaults_nails, hangedman_vaults_stitches,
          nicolae_vaults_yaktaur_gun_rack, ontoclasm_vaults_gateway,
          vaults_dpeg_ring, layout_vaults_omnigrid, uniq_saint_roka, uniq_boris
Vaults:3: nicolae_vaults_little_squares_2, ontoclasm_vaults_hangar,
          nicolae_vaults_what_the_h, minmay_crypt_entry_simple_box,
          v_alt_pattern_1, ontoclasm_vaults_ring_large, v_rooms_1,
          vaults_room_pool, nicolae_vaults_asterisk, v_rooms_3,
          grunt_vaults_hallway_long, vaults_room_stairs_pillars,
          nicolae_vaults_mini_display_case, layout_vaults_chaotic_city,
          serial_shops, nicolae_shop_stone, uniq_mennas, uniq_frederick,
          uniq_sojobo
Vaults:4: vaults_room_fours, hangedman_vaults_hat, hangedman_vaults_corner,
          nicolae_vaults_shelves_hall, nicolae_vaults_triangles, v_misc_10,
          v_misc_30, vaults_room_door_ring, v_misc_14,
          grunt_vaults_hallway_short, layout_vaults_maze_snakey, serial_shops,
          nicolae_shop_trees
Vaults:5
Depths:1: layout_cave_shapes, grunt_mini_vestibule, serial_shops,
          bzr_entry_customers, chequers_big_river, eino_tiny_chamber,
          kennysheep_minor_cross, roderic_serpentine_path, lemuel_flame_loot_1
Depths:2: box_level_dp, hell_entry, uniq_bai_suzhen, uniq_nikola,
          uniq_enchantress
Depths:3: angbandy_vault, layout_gridville, hangedman_tar_grid_catacomb,
          hangedman_abyss_or_decor_slice, rand_demon_pan_entry_8, serial_shops,
          nicolae_shop_behind_doors, nicolae_shop_trees,
          nicolae_shop_waterfront, nicolae_shop_window_shopping,
          nicolae_shop_trees, infiniplex_staircase_zigzag_2
Depths:4: minmay_the_grid_square_5x5_4x4_mashed
          [minmay_the_grid_square_5x5_percent,
          minmay_the_grid_square_5x5_dogpile,
          minmay_the_grid_square_5x5_checkered_statues,
          minmay_the_grid_square_5x5_six,
          minmay_the_grid_square_5x5_fancy_junction,
          minmay_the_grid_square_5x5_prize_gold,
          minmay_the_grid_square_5x5_prize_waves,
          minmay_the_grid_square_5x5_two_walls_a,
          minmay_the_grid_square_5x5_bracketed,
          minmay_the_grid_square_5x5_prize_rear_guard,
          minmay_the_grid_square_5x5_prize_monsterx,
          minmay_the_grid_square_5x5_minibox,
          minmay_the_grid_square_5x5_inner_v,
          minmay_the_grid_square_5x5_tetrominoes, minmay_the_grid_square_5x5_c,
          minmay_the_grid_square_5x5_almost_minimal], layout_gridlike,
          enter_ziggurat_f, minmay_misc_feat_four_crosses, abyss_entry,
          serial_shops, nicolae_shop_crystal, hell_entry
Depths:5: grunt_zot_entry_tricorne, layout_gridville, grunt_hell_entry_dis_mu,
          grunt_ministairs_1, minmay_shop_star
Zot:1:    layout_concentric_octagons, zot_minivault_3
Zot:2:    layout_gridlike
Zot:3:    layout_onion_interference, lemuel_baited_zot_trap,
          st_small_dragon_hoard_5, guppyfry_library_mini
Zot:4:    layout_gridlike
Zot:5:    layout_misc_corridors
Bazaar:   bazaar_jpeg_cross
IceCv:    ice_cave_caverns_02
Gauntlet: gammafunk_gauntlet_shortcut [nicolae_gauntlet_arena_t_cross,
          nicolae_gauntlet_arena_x, minmay_gauntlet_arena_make_your_own_arena,
          gammafunk_gauntlet_arena_teeth, gammafunk_gauntlet_arena_crates,
          gammafunk_gauntlet_arena_corners, gauntlet_exit_watery]

Skill      XL: |  1  2  3  4  5  6  7  8  9 10 11 12 13 14 15 16 17 18 19 20 21 22 23 24 25 26 27 |
---------------+----------------------------------------------------------------------------------+-----
Invocations    | 1 2 3 4 5 6 7 8 9 10 11 12 13 14 15 16 17 18 | 18.3
Short Blades   | 1 2 3 4 5 6 7 8 9 10 11 12 13 14 15 16 17 | 17.0
Long Blades    | 1 2 3 4 5 6 7 8 9 10 11 12 13 14 15 16 17 | 17.0
Maces & Flails | 1 2 3 4 5 6 7 8 9 10 11 12 13 14 15 16 17 | 17.0
Polearms       | 1 2 3 4 5 6 7 8 9 10 11 12 13 14 15 16 17 | 17.0
Staves         | 1 2 3 4 5 6 7 8 9 10 11 12 13 14 15 16 17 | 17.0
Slings         | 1 2 3 4 5 6 7 8 9 10 11 12 13 14 15 16 17 | 17.0
Bows           | 1 2 3 4 5 6 7 8 9 10 11 12 13 14 15 16 17 | 17.0
Crossbows      | 1 2 3 4 5 6 7 8 9 10 11 12 13 14 15 16 17 | 17.0
Throwing       | 1 2 3 4 5 6 7 8 9 10 11 12 13 14 15 16 17 | 17.0
Armour         | 1 2 3 4 5 6 7 8 9 10 11 12 13 14 15 16 17 | 17.0
Dodging        | 1 2 3 4 5 6 7 8 9 10 11 12 13 14 15 16 17 | 17.0
Stealth        | 1 2 3 4 5 6 7 8 9 10 11 12 13 14 15 16 17 | 17.0
Unarmed Combat | 1 2 3 4 5 6 7 8 9 10 11 12 13 14 15 16 17 | 17.0
Axes           | 3 4 5 6 7 8 9 10 11 12 13 14 15 16 17 | 17.1
Shields        | 3 4 5 6 7 8 9 10 11 12 13 14 15 16 17 | 17.1
Spellcasting   | 3 4 5 6 7 8 9 10 11 12 13 14 15 16 17 | 17.2
Conjurations   | 1 2 3 4 5 6 7 8 9 10 11 12 13 14 | 14.6
Hexes          | 4 5 6 7 8 9 10 11 12 13 14 15 | 15.0
Charms         | 1 2 3 4 5 6 7 8 9 10 11 12 13 14 | 14.6
Summonings     | 1 2 3 4 5 6 7 8 9 10 11 12 13 14 | 14.6
Necromancy     | 1 2 3 4 5 6 7 8 9 10 11 12 13 14 | 14.6
Translocations | 1 2 3 4 5 6 7 8 9 10 11 12 13 14 | 14.6
Transmutations | 1 2 3 4 5 6 7 8 9 10 11 12 13 14 | 14.6
Fire Magic     | 1 2 3 4 5 6 7 8 9 10 11 12 13 14 | 14.6
Ice Magic      | 1 2 3 4 5 6 7 8 9 10 11 12 13 14 | 14.6
Air Magic      | 4 5 6 7 8 9 10 11 12 13 14 15 | 15.0
Earth Magic    | 1 2 3 4 5 6 7 8 9 10 11 12 13 14 | 14.6
Poison Magic   | 1 2 3 4 5 6 7 8 9 10 11 12 13 14 | 14.6
Evocations     | 3 4 5 6 7 8 9 10 11 12 13 14 15 16 17 | 17.1
Fighting       | 5 6 7 8 9 10 11 12 13 14 15 16 17 | 17.4

Action                   |  1- 3 |  4- 6 |  7- 9 | 10-12 | 13-15 | 16-18 | 19-21 | 22-24 | 25-27 || total
-------------------------+-------+-------+-------+-------+-------+-------+-------+-------+-------++-------
Melee: Hand axe          |    62 |       |       |       |       |       |       |       |       ||    62
       Bite              |     7 |    10 |    33 |    83 |   221 |   258 |   272 |   297 |   193 ||  1374
       Whip              |    51 |    61 |       |       |       |       |       |       |       ||   112
       Punch             |       |     4 |     6 |     4 |    19 |       |       |       |       ||    33
       Short sword       |       |    21 |   274 |    10 |     9 |       |       |       |       ||   314
       Lajatang          |       |       |       |   603 |   251 |       |       |       |       ||   854
       Scimitar          |       |       |       |    18 |       |       |       |       |       ||    18
       Long sword        |       |       |       |    35 |  1120 |  1071 |       |       |       ||  2226
       Demon trident     |       |       |       |       |       |   575 |  1551 |  1700 |  1022 ||  4848
Throw: Throwing net      |       |       |       |       |     1 |       |       |       |       ||     1
       Javelin           |       |       |       |       |       |     4 |    37 |       |       ||    41
 Cast: Spectral Weapon   |       |       |       |    31 |    55 |    95 |    38 |    33 |    27 ||   279
       Regeneration      |       |       |       |    45 |    53 |    31 |    14 |    11 |    15 ||   169
       Song of Slaying   |       |       |       |     6 |     5 |       |    13 |     8 |     3 ||    35
       Blink             |       |       |       |     1 |     5 |       |     1 |       |       ||     7
       Confuse           |       |       |       |       |       |   170 |     1 |     1 |       ||   172
       Lee's Rapid Decon |       |       |       |       |       |       |     3 |     6 |       ||     9
       Summon Butterflie |       |       |       |       |       |       |     4 |     1 |       ||     5
       Borgnjor's Vile C |       |       |       |       |       |       |       |    17 |    38 ||    55
Invok: Potion Petition   |       |       |       |       |       |       |     1 |       |     1 ||     2
       Call Merchant     |       |       |       |       |       |       |     2 |       |       ||     2
       Bribe Branch      |       |       |       |       |       |       |       |       |     3 ||     3
 Abil: Evoke Berserk Rag |       |       |       |       |     7 |     1 |       |       |       ||     8
Evoke: Wand              |       |       |     6 |     3 |    24 |    18 |    13 |     6 |     5 ||    75
       Lamp of fire      |       |       |       |       |     1 |     4 |     3 |       |       ||     8
  Use: Scroll            |       |     8 |     7 |    13 |    13 |    20 |     8 |     6 |     9 ||    84
       Potion            |       |     1 |     2 |     2 |     4 |     4 |     6 |     1 |     1 ||    21
 Stab: Sleeping          |     2 |       |       |     7 |    13 |       |     9 |    15 |     3 ||    49
       Distracted        |       |       |     1 |     5 |    12 |    29 |    42 |    47 |    33 ||   169
       Paralysed         |       |       |       |     2 |     2 |       |     2 |       |       ||     6
       Confused          |       |       |       |       |       |   106 |     2 |       |       ||   108
  Eat: Chunk             |     3 |     1 |       |       |       |       |       |       |       ||     4
       Ration            |       |     3 |     2 |    11 |    14 |    15 |     7 |     8 |     6 ||    66
Armor: Robe              |    34 |       |       |       |       |       |       |       |       ||    34
       Chain mail        |       |    21 |   115 |   123 |       |       |       |       |       ||   259
       Skin              |       |     4 |     2 |    61 |    20 |     2 |     3 |       |       ||    92
       Ring mail         |       |       |       |   176 |   158 |       |       |       |       ||   334
       Plate armour      |       |       |       |       |   348 |   806 |   198 |   192 |   163 ||  1707
Dodge: Dodged            |    68 |    25 |   116 |   515 |   774 |   786 |   473 |   475 |   330 ||  3562
Block: Shield            |       |       |       |       |   708 |  1341 |   603 |   661 |   435 ||  3748
       Rpst.: Scimitar   |       |       |       |     1 |       |       |       |       |       ||     1
       Long sword        |       |       |       |     6 |   155 |    99 |       |       |       ||   260

Table legend:
 A = Non-vault XP
 B = Vault XP
 C = Vault XP percentage of total XP
 D = Non-vault monster count
 E = Vault monster count
 F = Vault count percentage of total count
                 A         B        C        D         E       F
            +---------+---------+-------+---------+---------+-------
      Total |  637722 |  622453 |  49.4 |    1392 |     821 |  37.1
            +---------+---------+-------+---------+---------+-------
        D:1 |      47 |       3 |   6.0 |      23 |       2 |   8.0
        D:2 |      22 |      10 |  31.2 |      13 |       4 |  23.5
        D:3 |      24 |     361 |  93.8 |       9 |      10 |  52.6
        D:4 |     665 |     169 |  20.3 |      25 |       1 |   3.8
        D:5 |     907 |      90 |   9.0 |      25 |       1 |   3.8
        D:6 |     227 |       0 |   0.0 |       7 |       0 |   0.0
        D:7 |     499 |    1643 |  76.7 |      21 |       3 |  12.5
        D:8 |    1574 |     629 |  28.6 |      19 |       1 |   5.0
        D:9 |    3722 |       0 |   0.0 |      52 |       0 |   0.0
       D:10 |    4674 |     166 |   3.4 |      40 |       1 |   2.4
       D:11 |    7263 |    1156 |  13.7 |      44 |      44 |  50.0
       D:12 |    5193 |    2332 |  31.0 |      32 |      27 |  45.8
       D:13 |    4703 |       0 |   0.0 |      24 |       0 |   0.0
       D:14 |    8749 |    1432 |  14.1 |      32 |       5 |  13.5
       D:15 |   13784 |    5117 |  27.1 |      30 |      12 |  28.6
     Lair:1 |    5546 |     936 |  14.4 |      19 |       1 |   5.0
     Lair:2 |    1802 |    1854 |  50.7 |       9 |      26 |  74.3
     Lair:3 |    2410 |     105 |   4.2 |       9 |       1 |  10.0
     Lair:4 |    5137 |    2604 |  33.6 |      18 |       7 |  28.0
     Lair:5 |    2739 |     597 |  17.9 |       7 |       4 |  36.4
     Lair:6 |    8997 |    9650 |  51.8 |      26 |      47 |  64.4
   Shoals:1 |   20676 |    2379 |  10.3 |      42 |       1 |   2.3
   Shoals:2 |   10528 |   12708 |  54.7 |      28 |      16 |  36.4
   Shoals:3 |    9141 |     664 |   6.8 |      18 |       1 |   5.3
   Shoals:4 |   12361 |   24690 |  66.6 |      24 |      34 |  58.6
   Spider:1 |    5125 |    5993 |  53.9 |      15 |      16 |  51.6
   Spider:2 |   24280 |       0 |   0.0 |      63 |       0 |   0.0
   Spider:3 |    9085 |    5718 |  38.6 |      26 |       5 |  16.1
   Spider:4 |   11395 |   22432 |  66.3 |      30 |      35 |  53.8
      Orc:1 |    4194 |       0 |   0.0 |      31 |       0 |   0.0
      Orc:2 |    1669 |    8038 |  82.8 |      29 |      42 |  59.2
   Vaults:1 |   45747 |   39654 |  46.4 |      81 |      42 |  34.1
   Vaults:2 |   24993 |   33956 |  57.6 |      37 |      55 |  59.8
   Vaults:3 |   25732 |   51948 |  66.9 |      44 |      43 |  49.4
   Vaults:4 |   38819 |   25463 |  39.6 |      71 |      19 |  21.1
   Vaults:5 |   59491 |  105511 |  63.9 |      83 |      78 |  48.4
   Depths:1 |   59181 |    3829 |   6.1 |      78 |      14 |  15.2
   Depths:2 |   33383 |   42707 |  56.1 |      44 |      45 |  50.6
   Depths:3 |   20043 |   71914 |  78.2 |      21 |      35 |  62.5
   Depths:4 |   58676 |   56886 |  49.2 |      60 |      39 |  39.4
   Depths:5 |   55522 |   29196 |  34.5 |      50 |      24 |  32.4
      Zot:1 |    4602 |       0 |   0.0 |       2 |       0 |   0.0
      Zot:2 |    6202 |       0 |   0.0 |       4 |       0 |   0.0
      Zot:4 |    2880 |       0 |   0.0 |       1 |       0 |   0.0
      Zot:5 |   15313 |   35661 |  70.0 |      26 |      24 |  48.0
      IceCv |       0 |   12264 | 100.0 |       0 |      48 | 100.0
   Gauntlet |       0 |    1988 | 100.0 |       0 |       8 | 100.0
            +---------+---------+-------+---------+---------+-------
